Map: Ruins of Seras

Players

capac - Winner!

  • Race: Terran Terran
  • League: Gold

A.I. 1 (Harder)

  • Race: Terran Terran

VOD

Have the link to the VOD?

Description

Time

  • Played on: Feb. 20, 2016, 12:02 p.m.
  • Length: 8:28
Show
View Real Time Build Order
Export as new Build Order

capac Terran - Winner!

Build Orders:  

Get SALT Encoding   

  12  0:01  SCV  
  13  0:13  SCV  
  14  0:19  Supply Depot  
  14  0:25  SCV  
  15  0:40  SCV  
  15  0:41  Barracks  
  16  0:46  Refinery  
  16  0:55  SCV  
  17  1:07  SCV  
  18  1:19  SCV  
  19  1:31  SCV  
  20  1:39  Command Center  
  20  1:45  SCV  
  21  1:47  Barracks Reactor  
  21  1:57  Orbital Command  
  21  2:14  Supply Depot  
  21  2:26  Marine x2  
  23  2:32  SCV  
  23  2:44  Marine x2  
  23  2:47  Barracks  
  23  2:49  SCV  
  23  2:50  Factory  
  26  2:57  Refinery  
  26  3:02  Orbital Command  
  26  3:09  SCV  
  26  3:10  Marine  
  28  3:17  Marine  
  29  3:21  SCV  
  30  3:32  SCV  
  30  3:33  Marine  
  32  3:36  Barracks Tech Lab  
  32  3:37  Factory Reactor  
  32  3:39  Starport  
  32  3:42  SCV  
  32  3:43  Marine  
  34  3:51  Marine  
  34  3:54  SCV  
  36  3:58  Stimpack  
  36  3:59  Marine  
  36  4:02  SCV  
  38  4:05  Marine  
  39  4:13  SCV  
  40  4:17  Supply Depot  
  40  4:27  Supply Depot  
  40  4:28  Factory Tech Lab  
  40  4:30  Medivac x2  
  44  4:31  Marine  
  44  4:32  Marine  
  46  4:38  Marine  
  46  4:44  Supply Depot  
  46  4:45  SCV x2  
  49  4:50  Refinery  
  49  4:51  Siege Tank  
  52  5:01  Barracks, Marine x3  
  55  5:18  Marine  
  55  5:19  Marine, SCV x2  
  59  5:23  Siege Tank  
  59  5:24  Refinery  
  59  5:26  Medivac  
  64  5:28  Marine  
  64  5:33  SCV  
  66  5:36  Supply Depot  
  66  5:40  Marine x2  
  68  5:49  SCV x2  
  70  5:50  Barracks Reactor  
  70  5:52  Barracks  
  70  5:57  Siege Tank  
  70  5:58  Medivac  
  70  6:01  SCV  
  70  6:02  Supply Depot, SCV  
  68  6:48  Marine x4  
  68  6:49  Marine  
  73  7:39  Supply Depot  
  73  7:43  Supply Depot  
  73  8:04  Marine x4  
Show
View Real Time Build Order
Export as new Build Order

A.I. 1 (Harder) Terran 

Build Orders:  

Get SALT Encoding   

  12  0:00  SCV  
  13  0:13  SCV  
  14  0:20  Supply Depot  
  14  0:25  SCV  
  15  0:42  SCV  
  16  0:45  Barracks  
  16  0:49  Refinery  
  16  0:54  SCV  
  17  1:06  SCV  
  18  1:18  SCV  
  19  1:21  Supply Depot  
  19  1:31  SCV  
  19  1:32  Marine  
  21  1:42  Barracks  
  21  1:43  Orbital Command  
  21  1:50  Refinery  
  21  1:51  Barracks Tech Lab  
  21  2:09  Marine  
  21  2:10  Supply Depot  
  22  2:27  Marine  
  22  2:28  Marine  
  24  2:45  Marauder  
  24  2:46  Marine  
  24  2:50  Supply Depot  
  27  3:03  SCV  
  27  3:04  Marine  
  29  3:07  Marauder  
  31  3:15  SCV  
  31  3:16  Engineering Bay  
  32  3:22  Marine  
  33  3:27  Marine  
  33  3:28  SCV  
  33  3:29  Supply Depot  
  35  3:39  Marine  
  35  3:40  SCV  
  37  3:46  Marauder  
  39  3:52  SCV  
  40  4:04  SCV  
  40  4:07  Marauder  
  43  4:29  Marauder  
  45  4:55  Barracks Tech Lab  
  45  4:56  Stimpack  
  45  4:57  Factory  
  45  5:01  Factory  
  45  5:05  Supply Depot, Command Center  
  45  5:24  Terran Infantry Weapons Level 1  
  45  5:40  Factory Tech Lab  
  45  5:43  Widow Mine, Starport  
  45  5:45  Starport  
  47  6:01  Siege Tank  
  47  6:02  Missile Turret  
  50  6:09  SCV  
  43  6:13  Factory Tech Lab  
  43  6:16  SCV  
  35  6:19  Refinery  
  35  6:21  SCV  
  35  6:29  SCV  
  35  6:30  Refinery, Starport Tech Lab x2  
  33  6:33  Siege Tank, SCV  
  33  6:38  Barracks Tech Lab  
  31  6:41  SCV  
  31  6:45  SCV  
  27  6:50  Marine  
  27  6:53  SCV  
  21  7:04  SCV  
  21  7:08  Marine, SCV  
  19  7:14  Marine  
  19  7:16  SCV  
  19  7:25  SCV  
  18  7:33  Barracks Tech Lab  
  16  7:38  SCV  
Tags
 
League
Gold
Matchup
TvT
Race
Terran
Add a new tag
Caveats
  • Supply blocks, unpowered buildings, or Contaminate may cause inaccurate times.
  • Supply counts are checked every 10 seconds.